 Dungeon Crawl Stone Soup version 0.26-a0-163-g6c8a0bf695 (webtiles) character file.

Game seed: 7426374779675093959

106 BritishOli the Slasher (level 4, -5/36 HPs)
             Began as a Demonspawn Monk on July 3, 2020.
             Slain by an ogre
             ... wielding a +0 giant club
              (13 damage)
             ... on level 3 of the Dungeon.
             The game lasted 00:01:44 (2467 turns).

BritishOli the Slasher (Demonspawn Monk)            Turns: 2467, Time: 00:01:45

Health: -5/36      AC:  7    Str: 12    XL:     4   Next: 55%
Magic:  4/4        EV: 12    Int: 11    God:
Gold:   81         SH:  0    Dex: 16    Spells: 3/3 levels left

rFire    . . .     SeeInvis .   a - +0 falchion
rCold    . . .     Faith    .   (no shield)
rNeg     . . .     Spirit   .   h - +0 ring mail (curse)
rPois    .         Reflect  .   (no helmet)
rElec    .         Harm     .   (no cloak)
rCorr    .                      (no gloves)
MR       .....                  (no boots)
Stlth    +.........             (no amulet)
HPRegen  0.12/turn              (no ring)
MPRegen  0.09/turn              (no ring)

@: no status effects
A: molten scales 1
a: no special abilities


You were on level 3 of the Dungeon.
You were not hungry.

You visited 1 branch of the dungeon, and saw 3 of its levels.

You collected 81 gold pieces.

Inventory:

Hand Weapons
 a - a +0 falchion (weapon)
Armour
 b - a +0 robe
 h - a cursed +0 ring mail (worn)
Scrolls
 f - 4 scrolls of remove curse {unknown}
 g - 2 scrolls of identify {unknown}
 i - a scroll of fog {unknown}
 j - a scroll of immolation {unknown}
 m - a scroll of random uselessness {unknown}
 p - 2 scrolls of teleportation {unknown}
Potions
 e - a potion of brilliance {unknown}
 k - a potion of magic {unknown}
 l - 3 potions of might {unknown}
 n - a potion of resistance {unknown}
 o - a potion of mutation {unknown}
Comestibles
 c - 4 rations


   Skills:
 + Level 3.6 Fighting
 * Level 3.6 Long Blades
 + Level 1.2 Armour
 + Level 3.2 Dodging
 - Level 2.0 Stealth


You had 3 spell levels left.
You didn't know any spells.
Your spell library was empty.

Dungeon Overview and Level Annotations

Branches:
Dungeon (3/15)

Altars:
Xom


Innate Abilities, Weirdness & Mutations

You are partially covered in molten scales. (AC +2)


Message History

You hit the ogre.
The ogre is moderately wounded.
The ogre hits you with a +0 giant club!
An ogre is nearby!
You barely miss the ogre.
The ogre is moderately wounded.
The ogre closely misses you.
An ogre is nearby!
You hit the ogre.
The ogre is heavily wounded.
You hit the ogre.
The ogre is heavily wounded.
The ogre hits you with a +0 giant club!
* * * LOW HITPOINT WARNING * * *
You are too injured to fight recklessly!
You are too injured to fight recklessly!
You hit the ogre.
The ogre is heavily wounded.
The ogre hits you with a +0 giant club!
You die...

.### #..#
#.##.###.#
#. #..#
#.##.....#
.#####..#
#.########
.......#
#.# ......#
#.#
..#######.#
#.#.......#
#.#.#######
#.@....#
#O#.##.#
...#..# #
#.#.##.#
#.#. .# #
#. .# ## ##


You could see an ogre.

Vanquished Creatures
  Natasha (D:3)
  A gnoll (D:1)
  4 dart slugs
  A leopard gecko (D:2)
  An orc (D:2)
  2 ball pythons (D:1)
  4 bats (D:2)
  3 giant cockroaches (D:2)
  6 goblins
  14 hobgoblins
  3 jackals
  9 kobolds
  3 frilled lizards
  5 rats
57 creatures vanquished.

Notes
Turn   | Place    | Note
-------+----------+-------------------------------------------
     0 | D:1      | BritishOli the Demonspawn Monk began the quest for the Orb.
     0 | D:1      | Reached XP level 1. HP: 18/18 MP: 1/1
   159 | D:1      | Gained mutation: You are partially covered in molten
                  | scales. (AC +2) [demonic ancestry]
   159 | D:1      | Reached XP level 2. HP: 24/24 MP: 2/2
   322 | D:1      | Reached XP level 3. HP: 27/29 MP: 3/3
  1400 | D:2      | Reached skill level 1 in Armour
  1625 | D:2      | Reached XP level 4. HP: 28/35 MP: 4/4
  1989 | D:2      | Found a shimmering altar of Xom.
  2212 | D:3      | Noticed Natasha
  2228 | D:3      | Killed Natasha
  2456 | D:3      | Noticed an ogre
  2467 | D:3      | Slain by an ogre

Illustrated notes

Levels and vault maps discovered:
D:1:      evilmike_arrival_hilbert_curve, layout_loops_ring, dk_noncrumbling_4,
          minmay_statues_item
D:2:      layout_basic, tgw_xom
D:3:      layout_basic, minmay_checkerbox, uniq_terence, uniq_natasha

Skill      XL: |  1  2  3 |
---------------+----------+-----
Stealth        | 2 |  2.0
Long Blades    | 3 |  3.6
Dodging        | 3 |  3.2
Armour         | 1 |  1.2
Fighting       | |  3.6

Action                   |  1- 3 |  4- 6 || total
-------------------------+-------+-------++-------
Melee: Falchion          |   148 |    59 ||   207
 Stab: Sleeping          |     1 |       ||     1
  Eat: Chunk             |     3 |     2 ||     5
Armor: Robe              |     2 |       ||     2
       Ring mail         |    63 |    18 ||    81
Dodge: Dodged            |   127 |    25 ||   152
       Rpst.: Falchion   |    40 |     7 ||    47

Table legend:
 A = Non-vault XP
 B = Vault XP
 C = Vault XP percentage of total XP
 D = Non-vault monster count
 E = Vault monster count
 F = Vault count percentage of total count
                 A         B        C        D         E       F
            +---------+---------+-------+---------+---------+-------
      Total |     104 |      48 |  31.6 |      48 |       9 |  15.8
            +---------+---------+-------+---------+---------+-------
        D:1 |      57 |       0 |   0.0 |      24 |       0 |   0.0
        D:2 |      43 |      13 |  23.2 |      22 |       8 |  26.7
        D:3 |       4 |      35 |  89.7 |       2 |       1 |  33.3
            +---------+---------+-------+---------+---------+-------
